Map: Moonlight Madness LE (Void)

Players

Beastyqt - Winner!

  • Race: Terran Terran
  • League: Diamond

qxc

  • Race: Protoss Protoss
  • League: Master

VOD

Have the link to the VOD?

Description

Time

  • Played on: Sept. 5, 2015, 8:22 p.m.
  • Length: 8:30
Show
View Real Time Build Order
Export as new Build Order

Beastyqt Terran - Winner!

Build Orders: 1/1/1, Liberator Opening 

Get SALT Encoding   

  12  0:00  SCV  
  13  0:13  SCV  
  14  0:17  Supply Depot  
  14  0:25  SCV  
  15  0:28  Refinery  
  15  0:39  SCV  
  16  0:44  Barracks  
  16  0:51  SCV  
  17  0:59  Refinery  
  17  1:03  SCV  
  18  1:15  SCV  
  19  1:27  SCV  
  19  1:32  Marine  
  21  1:37  Factory  
  21  1:41  Supply Depot  
  21  1:43  SCV  
  22  1:52  Barracks Reactor  
  22  2:00  Orbital Command  
  22  2:09  Bunker  
  22  2:23  Starport  
  22  2:26  SCV  
  22  2:28  Marine  
  24  2:33  Widow Mine  
  26  2:37  Marine  
  26  2:41  SCV  
  28  2:46  Liberator  
  28  2:49  Supply Depot  
  28  3:00  Armory  
  31  3:08  SCV  
  31  3:11  Marine x2  
  33  3:22  Supply Depot, SCV  
  33  3:26  Widow Mine  
  34  3:29  Liberator  
  36  3:34  Marine x2  
  36  3:37  SCV  
  42  3:55  Marine x2  
  44  4:03  SCV  
  43  4:12  Marine  
  43  4:13  Marine  
  44  4:20  Command Center  
  44  4:31  Viking  
  46  4:38  Supply Depot  
  46  4:40  Supply Depot  
  46  4:51  Marine  
  47  4:59  Marine, Widow Mine  
  47  5:00  SCV  
  47  5:02  Viking  
  53  5:11  Barracks  
  53  5:12  Marine  
  53  5:14  SCV  
  55  5:28  SCV  
  56  5:29  Barracks  
  56  5:31  Widow Mine  
  58  5:36  Orbital Command  
  58  5:49  SCV, Engineering Bay  
  59  5:55  Viking  
  61  6:00  Marine x2  
  63  6:07  SCV  
  63  6:10  Orbital Command  
  64  6:19  SCV  
  64  6:20  Barracks Tech Lab  
  63  6:32  SCV  
  52  6:36  Viking  
  52  6:39  Marine  
  53  6:40  Marauder, Marine  
  53  6:41  SCV  
  53  6:44  SCV  
  59  6:53  SCV  
  56  6:55  Barracks Tech Lab  
  56  6:56  SCV  
  57  7:03  Marauder  
  57  7:05  SCV  
  57  7:06  Missile Turret  
  60  7:08  SCV  
  60  7:12  Medivac  
  60  7:14  Marauder, Marine x2  
  67  7:16  Widow Mine  
  67  7:18  SCV  
  67  7:20  SCV  
  71  7:23  Supply Depot  
  71  7:30  SCV  
  71  7:32  Marine  
  71  7:34  Marine  
  71  7:36  Marine  
  75  7:38  Marine  
  76  7:49  Medivac  
  76  7:50  Marine  
  79  7:52  Marine  
  79  7:53  SCV  
  79  7:54  Marine  
  82  8:00  Marauder  
  84  8:07  Marine  
  85  8:15  SCV  
  85  8:27  Command Center  
Show
View Real Time Build Order
Export as new Build Order

qxc Protoss 

Build Orders:  

Get SALT Encoding   

  12  0:00  Probe (Chrono Boost)  
  13  0:10  Probe (Chrono Boost)  
  14  0:17  Pylon  
  14  0:21  Probe (Chrono Boost)  
  15  0:35  Probe (Chrono Boost)  
  16  0:37  Gateway  
  16  0:45  Probe (Chrono Boost)  
  16  0:46  Assimilator  
  17  0:55  Probe (Chrono Boost)  
  18  1:05  Probe (Chrono Boost)  
  19  1:15  Probe (Chrono Boost)  
  20  1:25  Probe (Chrono Boost)  
  20  1:26  Cybernetics Core  
  20  1:29  Pylon  
  21  1:35  Probe (Chrono Boost)  
  22  1:54  Nexus  
  22  1:57  Pylon  
  22  2:01  Adept (Chrono Boost)  
  26  2:08  Mothership Core  
  26  2:17  Warp Gate (Chrono Boost)  
  26  2:25  Adept (Chrono Boost)  
  26  2:29  Probe (Chrono Boost)  
  29  2:35  Assimilator  
  29  2:41  Probe (Chrono Boost)  
  30  2:49  Forge  
  30  2:51  Probe (Chrono Boost), Adept  
  30  2:57  Pylon  
  33  3:03  Probe (Chrono Boost)  
  34  3:09  Probe (Chrono Boost)  
  35  3:17  Probe (Chrono Boost)  
  36  3:20  Stargate  
  36  3:22  Probe  
  37  3:30  Probe  
  37  3:31  Pylon  
  37  3:34  Probe  
  39  3:43  Probe  
  40  3:49  Probe  
  40  3:55  Probe, Robotics Facility  
  42  3:59  Probe  
  41  4:10  Void Ray (Chrono Boost)  
  41  4:13  Probe  
  41  4:17  Probe  
  44  4:29  Gateway  
  44  4:30  Adept  
  46  4:32  Probe  
  46  4:33  Probe, Gateway  
  48  4:41  Warp Prism  
  50  4:47  Probe, Pylon  
  50  4:48  Probe  
  52  4:56  Oracle (Chrono Boost)  
  52  4:59  Probe  
  56  5:00  Probe  
  52  5:10  Probe  
  52  5:11  Probe  
  54  5:20  Probe  
  54  5:24  Probe, Observer  
  57  5:30  Probe  
  57  5:35  Phoenix (Chrono Boost)  
  58  5:37  Probe, Protoss Ground Armor Level 1  
  58  5:40  Probe  
  58  5:42  Gateway  
  62  5:46  Gateway  
  62  5:48  Adept  
  62  5:49  Probe  
  63  5:50  Probe  
  63  5:55  Adept x2  
  68  6:00  Probe  
  68  6:01  Probe  
  66  6:10  Probe  
  64  6:13  Probe  
  64  6:17  Gateway  
  64  6:18  Assimilator  
  66  6:20  Gateway  
  66  6:21  Adept x3, Assimilator  
  72  6:28  Probe  
  64  6:33  Probe  
  64  6:35  Warp Prism  
  61  6:40  Probe  
  62  6:50  Probe  
  62  6:51  Phoenix (Chrono Boost)  
  65  6:55  Stalker  
  65  6:57  Stalker  
  65  6:58  Stalker  
  65  6:59  Stalker  
  68  7:01  Probe  
  68  7:04  Probe  
  70  7:16  Phoenix (Chrono Boost)  
  72  7:23  Warp Prism  
  72  7:24  Probe  
  72  7:26  Probe  
  76  7:36  Adept  
  78  7:40  Pylon  
  78  7:41  Probe  
  78  7:42  Pylon  
  78  7:44  Pylon  
  78  7:49  Twilight Council  
  78  7:53  Probe  
  78  7:58  Phoenix (Chrono Boost)  
  78  7:59  Mothership Core  
  78  8:00  Adept x3  
  78  8:02  Adept  
  90  8:08  Probe  
  75  8:22  Adept x2  
Tags
 
Add a new tag
Caveats
  • Supply blocks, unpowered buildings, or Contaminate may cause inaccurate times.
  • Supply counts are checked every 10 seconds.